Map: Rhoskallian LE

Players

MattBarry - Winner!

  • Race: Protoss Protoss
  • League: Gold
  • Spawn Location: 5:00

MattBarry - Winner!

  • Race: Zerg Zerg
  • League: Gold
  • Spawn Location: 6:00

Pharaoh

  • Race: Zerg Zerg
  • League: Silver
  • Spawn Location: 12:00

deez

  • Race: Protoss Protoss
  • Spawn Location: 11:00

VOD

Have the link to the VOD?

Description

Time

  • Played on: Jan. 21, 2023, 3:48 a.m.
  • Length: 13:19
Show
View Real Time Build Order
Export as new Build Order

MattBarry Protoss - Winner!

Build Orders: 1 Gate Expand 

Get SALT Encoding   

  12  0:00  Probe  
  13  0:13  Probe  
  14  0:18  Pylon  
  14  0:25  Probe  
  15  0:38  Gateway  
  15  0:41  Probe  
  16  0:44  Assimilator  
  16  0:53  Probe  
  17  1:05  Probe  
  18  1:17  Probe  
  19  1:25  Nexus  
  19  1:29  Probe  
  20  1:42  Cybernetics Core  
  20  1:44  Probe  
  21  1:56  Probe  
  21  1:57  Pylon  
  22  2:08  Probe  
  23  2:18  Warp Gate (Chrono Boost)  
  23  2:20  Probe  
  23  2:21  Adept  
  26  2:26  Pylon  
  26  2:32  Gateway  
  26  2:34  Probe  
  27  2:37  Assimilator  
  27  2:48  Gateway, Probe  
  27  2:50  Probe  
  29  3:02  Adept  
  31  3:07  Probe x2  
  33  3:15  Robotics Facility  
  33  3:20  Gateway  
  33  3:22  Probe  
  33  3:24  Probe  
  35  3:33  Twilight Council  
  35  3:37  Probe x2  
  37  3:49  Probe x2  
  39  4:01  Probe x2  
  39  4:02  Warp Prism  
  43  4:05  Stalker  
  43  4:08  Zealot  
  47  4:11  Zealot  
  47  4:15  Probe x2  
  51  4:19  Pylon  
  51  4:22  Pylon  
  51  4:27  Probe  
  52  4:32  Zealot  
  54  4:41  Pylon  
  54  4:42  Zealot  
  56  4:55  Assimilator  
  56  4:58  Charge, Assimilator  
  56  5:03  Gateway  
  56  5:05  Gateway  
  56  5:20  Zealot x4  
  64  5:37  Forge  
  64  5:39  Forge  
  64  5:40  Pylon  
  64  5:42  Zealot x4  
  68  6:01  Zealot  
  68  6:02  Zealot  
  72  6:04  Zealot x4  
  78  6:25  Protoss Ground Weapons Level 1 (Chrono Boost), Protoss Ground Armor Level 1 (Chrono Boost)  
  76  6:28  Probe x2  
  78  6:33  Zealot x3  
  78  6:34  Zealot x2  
  84  6:44  Pylon x2  
  82  6:47  Pylon  
  80  6:54  Zealot x3  
  86  7:08  Zealot x3  
  86  7:22  Photon Cannon  
  72  7:28  Pylon  
  72  7:32  Stalker x4  
  72  7:33  Stalker  
  72  7:34  Stalker  
  84  7:39  Blink (Chrono Boost)  
  62  7:55  Probe x2  
  62  7:58  Stalker x5  
  70  8:01  Stalker  
  76  8:09  Templar Archives  
  76  8:13  Observer, Protoss Ground Armor Level 2 (Chrono Boost)  
  77  8:22  Protoss Ground Weapons Level 2 (Chrono Boost)  
  75  8:31  Photon Cannon  
  75  8:43  Psionic Storm  
  75  8:50  Nexus, Probe x2  
  75  8:52  Pylon  
  77  9:02  Probe  
  76  9:21  Stalker x5  
  85  9:47  Photon Cannon  
  85  9:48  Probe x2  
  85  9:52  Pylon  
  87  9:59  Photon Cannon  
  87  10:00  Probe x2  
  89  10:07  High Templar x4  
  89  10:09  High Templar x2  
  89  10:11  Archon x2  
  89  10:13  Archon  
  101  10:17  Probe x3  
  104  10:24  Assimilator  
  104  10:28  Assimilator  
  104  10:29  Probe x3  
  107  10:43  Stalker x5  
  107  10:44  Stalker  
  119  11:07  Probe x3  
  119  11:11  Nexus  
  120  11:13  Pylon  
  120  11:19  Probe x3  
  123  11:30  Stalker x2  
  123  11:31  Stalker x4  
  135  11:34  Probe x3  
  138  11:46  Probe x3  
  141  11:53  Stalker  
  141  11:54  Stalker x5  
  153  12:18  Stalker x2  
  157  12:23  Pylon  
  157  12:26  Pylon  
  157  12:29  Pylon  
  157  12:31  Pylon  
  157  12:33  Stalker x4  
  165  12:57  Stalker x3  
  165  12:58  Stalker x3  
  177  13:04  Robotics Bay  
  177  13:10  Assimilator  
  177  13:13  Assimilator  
Show
View Real Time Build Order
Export as new Build Order

MattBarry Zerg - Winner!

Build Orders: Hatch First 

Get SALT Encoding   

  12  0:00  Drone  
  13  0:13  Overlord  
  13  0:18  Drone  
  14  0:25  Drone, Extractor  
  15  0:31  Drone  
  16  0:54  Hatchery  
  15  0:58  Drone  
  15  1:01  Drone  
  17  1:12  Spawning Pool  
  17  1:15  Drone  
  17  1:20  Drone  
  17  1:23  Extractor  
  17  1:58  Zergling x2  
  17  1:59  Zergling x4  
  20  2:02  Queen  
  20  2:06  Queen  
  25  2:08  Zergling x2  
  25  2:12  Drone  
  26  2:18  Drone  
  27  2:32  Drone  
  27  2:33  Overlord  
  27  2:36  Extractor  
  27  2:38  Overlord  
  27  2:39  Drone  
  29  2:49  Metabolic Boost  
  29  2:52  Drone  
  29  2:53  Drone  
  29  3:15  Drone x2  
  29  3:16  Drone x2  
  29  3:17  Drone  
  29  3:18  Overlord  
  34  3:22  Roach Warren  
  34  3:24  Extractor  
  34  3:25  Drone  
  34  3:26  Drone x2  
  35  3:34  Zergling x2  
  35  3:35  Zergling x2  
  37  3:43  Evolution Chamber  
  37  3:44  Drone  
  37  3:53  Zergling x2  
  37  3:54  Drone x2  
  37  3:55  Drone  
  41  4:06  Drone x2  
  41  4:08  Lair  
  43  4:10  Zerg Melee Weapons Level 1  
  43  4:19  Queen  
  43  4:21  Drone x3  
  43  4:22  Roach  
  43  4:23  Zergling x2, Drone  
  52  4:26  Overlord  
  50  4:52  Roach x5  
  59  5:05  Overlord x2  
  58  5:11  Zergling x6  
  60  5:24  Zergling x10  
  65  5:33  Overlord  
  65  5:39  Zergling x2  
  65  5:46  Zergling x8  
  63  6:10  Zergling x2  
  63  6:11  Zergling x8  
  65  6:17  Zergling x12  
  65  6:25  Hatchery  
  59  6:26  Zerg Ground Armor Level 1  
  59  6:27  Glial Reconstitution  
  59  6:28  Hatchery  
  53  6:45  Infestation Pit  
  52  6:49  Evolution Chamber, Drone x4  
  52  6:50  Drone x4  
  58  6:55  Hatchery  
  51  7:17  Zergling x16  
  51  7:20  Spore Crawler  
  58  7:23  Spore Crawler  
  58  7:24  Spore Crawler  
  58  7:26  Spore Crawler  
  58  7:27  Zergling x2  
  58  7:28  Spore Crawler  
  51  7:38  Queen  
  51  7:41  Infestor  
  55  7:46  Drone x3  
  55  7:47  Zergling x2  
  59  7:53  Queen  
  59  7:57  Overlord  
  61  8:01  Roach x4  
  61  8:04  Hydralisk Den  
  61  8:05  Roach x4  
  76  8:06  Roach  
  78  8:12  Hydralisk Den  
  78  8:13  Extractor  
  78  8:14  Extractor  
  75  8:23  Overlord  
  75  8:25  Zergling x2  
  76  8:31  Zerg Missile Weapons Level 1  
  76  8:36  Grooved Spines  
  76  8:37  Extractor  
  75  8:41  Extractor  
  75  8:45  Queen  
  76  8:49  Zergling x4  
  76  8:50  Zergling x26  
  91  9:03  Drone x4  
  95  9:12  Drone x3  
  95  9:13  Overlord  
  98  9:22  Hydralisk x3  
  84  10:07  Queen  
  84  10:09  Roach x14  
  105  10:18  Drone x6  
  105  10:19  Drone  
  100  10:39  Zergling x24  
  111  10:47  Hydralisk x2  
  109  10:58  Zergling x8  
  109  10:59  Zergling x2  
  109  11:01  Overlord x2  
  114  11:21  Roach x6  
  114  11:23  Overlord x3  
  126  11:33  Overlord  
  117  11:53  Roach x11  
  117  11:54  Roach x2  
  138  12:12  Roach x9  
  156  12:38  Zergling x2  
  156  12:39  Overlord x2  
  157  13:01  Zergling x24  
Show
View Real Time Build Order
Export as new Build Order

Pharaoh Zerg 

Build Orders: Hatch First 

Get SALT Encoding   

  12  0:01  Drone  
  13  0:13  Overlord  
  13  0:22  Drone  
  14  0:32  Drone x2  
  16  0:52  Hatchery  
  15  0:58  Extractor  
  15  1:02  Drone x2  
  16  1:04  Drone  
  17  1:20  Spawning Pool  
  17  1:24  Drone  
  17  1:28  Drone  
  18  1:39  Drone  
  19  1:48  Drone  
  20  1:56  Overlord  
  20  2:05  Overlord  
  20  2:08  Queen  
  20  2:09  Metabolic Boost  
  20  2:13  Zergling x2  
  23  2:21  Drone x2  
  25  2:30  Extractor  
  25  2:32  Drone  
  25  2:33  Drone  
  26  2:40  Drone x2  
  26  2:43  Queen  
  30  3:02  Drone x4  
  34  3:34  Drone x6  
  40  3:41  Extractor  
  40  3:42  Lair  
  40  3:47  Spore Crawler  
  37  4:26  Drone  
  37  4:27  Drone x6  
  37  4:30  Overlord x2  
  44  4:32  Hatchery  
  44  4:36  Queen, Extractor  
  44  4:49  Spire  
  44  4:50  Hatchery  
  42  4:55  Zergling x6  
  42  4:56  Zergling x4  
  45  5:06  Zergling x2  
  46  5:11  Queen  
  48  5:19  Queen  
  50  5:26  Zergling x10  
  49  5:29  Zergling x2  
  36  5:57  Zergling x4  
  5  6:26  Drone x2  
  5  6:27  Drone  
  8  6:35  Drone x3  
  8  6:38  Mutalisk  
  8  6:39  Mutalisk x6  
  25  6:47  Mutalisk  
  25  7:40  Drone  
  25  7:41  Drone x5  
  25  7:42  Drone x2  
  33  7:54  Drone  
  34  8:07  Drone x2  
  34  8:08  Drone x2  
  38  8:23  Drone x3  
  38  8:24  Drone x2  
  43  8:29  Drone  
  44  8:46  Drone x3  
  44  8:48  Extractor  
  46  8:49  Extractor  
  46  8:55  Spawning Pool  
  42  9:28  Drone x3  
  42  9:29  Drone x2  
  45  9:33  Drone x2  
  45  9:34  Overlord x2  
  47  9:57  Zergling x2  
  47  9:58  Zergling x10  
  53  10:10  Zergling x6  
  55  10:25  Zergling x2  
  55  10:26  Zergling x10  
  49  11:05  Zergling x6  
  49  11:06  Zergling x8  
  49  11:07  Zergling x4  
Show
View Real Time Build Order
Export as new Build Order

deez Protoss 

Build Orders:  

Get SALT Encoding   

  12  0:03  Probe (Chrono Boost)  
  13  0:13  Probe (Chrono Boost)  
  14  0:19  Pylon  
  14  0:26  Probe  
  15  0:38  Probe  
  16  0:49  Forge  
  16  0:50  Probe  
  17  1:02  Probe (Chrono Boost)  
  18  1:07  Pylon  
  18  1:11  Pylon  
  18  1:15  Assimilator, Probe (Chrono Boost)  
  19  1:21  Probe (Chrono Boost)  
  19  1:24  Gateway  
  20  1:29  Probe  
  21  1:41  Probe  
  22  1:53  Probe  
  23  2:01  Photon Cannon  
  23  2:04  Photon Cannon  
  23  2:05  Photon Cannon  
  23  2:09  Probe  
  24  2:17  Cybernetics Core  
  24  2:21  Probe (Chrono Boost)  
  25  2:31  Probe (Chrono Boost)  
  25  2:35  Assimilator  
  25  2:36  Probe (Chrono Boost)  
  27  2:47  Probe  
  28  2:54  Nexus  
  28  3:00  Probe  
  28  3:05  Pylon  
  29  3:12  Probe  
  30  3:24  Probe  
  31  3:28  Warp Gate (Chrono Boost)  
  31  3:29  Photon Cannon  
  31  3:32  Photon Cannon  
  31  3:36  Probe  
  32  3:48  Probe  
  33  3:59  Protoss Shields Level 1  
  33  4:00  Probe  
  34  4:07  Pylon  
  34  4:12  Probe (Chrono Boost)  
  36  4:17  Probe (Chrono Boost)  
  36  4:22  Probe (Chrono Boost)  
  37  4:25  Gateway  
  37  4:26  Gateway, Probe (Chrono Boost)  
  37  4:27  Probe (Chrono Boost)  
  37  4:29  Gateway  
  39  4:36  Probe  
  40  4:41  Probe  
  41  4:46  Assimilator  
  41  4:48  Probe  
  42  4:53  Probe  
  42  4:56  Pylon  
  38  5:15  Pylon  
  38  5:22  Gateway  
  38  5:23  Gateway  
  38  5:26  Probe  
  40  5:28  Probe  
  40  5:39  Probe  
  40  5:40  Probe  
  42  5:51  Probe  
  42  5:52  Photon Cannon, Probe  
  42  5:55  Photon Cannon  
  44  5:59  Stalker x3  
  44  6:00  Stalker  
  52  6:18  Probe  
  53  6:30  Probe  
  52  6:42  Probe  
  51  6:51  Stalker x3  
  51  6:52  Stalker x3  
  53  7:21  Stalker x4  
  59  7:25  Probe  
  33  7:37  Probe  
  26  7:47  Pylon  
  26  7:48  Pylon  
  26  7:49  Probe  
  26  7:50  Pylon  
  25  7:54  Probe  
  26  8:03  Twilight Council  
  26  8:06  Probe  
  27  8:17  Gateway  
  27  8:18  Probe  
  28  8:22  Gateway  
  28  8:24  Gateway  
  28  8:30  Probe  
  28  8:33  Stalker x2  
  28  8:34  Stalker x3  
  39  8:45  Blink (Chrono Boost)  
  39  8:55  Probe  
  40  9:04  Pylon, Stalker x2  
  40  9:07  Probe  
  45  9:15  Probe  
  46  9:17  Assimilator  
  46  9:19  Probe  
  47  9:27  Probe  
  48  9:31  Probe  
  48  9:38  Stalker x3  
  51  9:39  Probe  
  51  9:43  Probe  
  40  10:04  Zealot x2  
  40  10:05  Zealot x3  
  35  10:13  Zealot  
  35  10:14  Zealot  
  25  10:31  Pylon  
  25  10:35  Pylon  
  25  10:37  Pylon  
  25  10:50  Photon Cannon  
  25  10:52  Photon Cannon  
  25  10:54  Photon Cannon  
  25  11:05  Probe  
  26  11:17  Probe  
  27  11:26  Photon Cannon  
  27  11:28  Photon Cannon  
  27  11:29  Probe  
  28  11:35  Adept  
  30  11:41  Probe  
  29  12:04  Stalker  
Tags
 
Add a new tag
Caveats
  • Supply blocks, unpowered buildings, or Contaminate may cause inaccurate times.
  • Supply counts are checked every 10 seconds.